Map: Pylon LE

Players

Fullar

  • Race: Zerg Zerg
  • League: Diamond
  • Spawn Location: 11:00

ManlyManMeat - Winner!

  • Race: Zerg Zerg
  • League: Platinum
  • Spawn Location: 5:00

VOD

Have the link to the VOD?

Description

Time

  • Played on: June 22, 2025, 7:33 a.m.
  • Length: 6:24
Show
View Real Time Build Order
Export as new Build Order

Fullar Zerg 

Build Orders: Pool First, Zergling Baneling 

Get SALT Encoding   

  12  0:17  Spawning Pool  
  11  0:21  Drone  
  11  0:25  Drone  
  13  0:30  Drone  
  14  0:40  Overlord  
  14  0:54  Extractor  
  13  1:03  Drone  
  13  1:04  Zergling x2  
  15  1:05  Zergling x2  
  15  1:10  Queen  
  18  1:20  Zergling x2  
  19  1:34  Zergling x2  
  20  1:42  Hatchery  
  19  1:51  Drone  
  19  1:52  Drone  
  21  2:05  Metabolic Boost  
  21  2:11  Overlord  
  21  2:24  Zergling x2  
  21  2:27  Overlord  
  22  2:40  Drone  
  22  2:41  Drone  
  22  2:42  Baneling Nest  
  24  2:51  Drone  
  24  2:52  Drone  
  24  2:54  Drone  
  26  3:00  Drone  
  26  3:03  Drone  
  28  3:13  Drone  
  28  3:17  Drone x2  
  28  3:18  Drone  
  32  3:23  Zergling x2  
  32  3:25  Zergling x2  
  34  3:31  Zergling x4  
  35  3:39  Drone  
  36  3:44  Drone  
  36  3:45  Drone  
  38  3:54  Baneling x9  
  38  4:03  Drone x2  
  35  4:21  Zergling x2  
  35  4:22  Zergling x8  
  39  4:30  Roach Warren, Extractor  
  39  4:31  Drone, Evolution Chamber, Extractor  
  38  4:34  Lair  
  36  4:39  Overlord  
  36  4:43  Drone  
  37  4:45  Queen  
  37  4:50  Drone  
  36  5:08  Drone x3  
  36  5:09  Drone x3  
  41  5:21  Drone, Overlord  
  41  5:35  Zergling x10  
  45  5:39  Hatchery  
  45  5:41  Zergling x2  
  45  5:47  Evolution Chamber  
  45  5:49  Evolution Chamber  
  43  5:51  Spine Crawler  
  39  6:01  Zergling x2  
  39  6:02  Zergling x8  
Show
View Real Time Build Order
Export as new Build Order

ManlyManMeat Zerg - Winner!

Build Orders: Hatch First 

Get SALT Encoding   

  12  0:00  Drone  
  13  0:08  Drone  
  14  0:14  Extractor  
  14  0:15  Drone  
  15  0:22  Overlord  
  15  0:42  Drone  
  16  0:47  Hatchery  
  15  0:51  Drone  
  15  0:55  Drone  
  17  1:00  Drone  
  18  1:14  Spawning Pool  
  18  1:16  Extractor  
  16  1:21  Drone  
  17  1:42  Drone x2  
  19  1:52  Overlord  
  19  2:00  Queen  
  21  2:02  Zergling x4  
  21  2:08  Spine Crawler  
  24  2:14  Spine Crawler  
  23  2:18  Zergling x2  
  23  2:20  Zergling x2  
  25  2:24  Zergling x2  
  24  2:32  Zergling x2  
  25  3:07  Queen  
  25  3:08  Hatchery, Overlord  
  26  3:18  Zergling x6  
  26  3:19  Zergling x2, Overlord  
  30  3:31  Metabolic Boost  
  30  3:54  Drone x3  
  24  4:22  Zergling x6  
  26  4:30  Zergling x2  
  26  4:31  Zergling x4  
  29  4:34  Baneling Nest  
  28  4:41  Zergling x4  
  30  4:47  Drone x2  
  24  5:08  Zergling x16  
  31  5:27  Zergling x10  
  36  5:34  Baneling  
  36  5:36  Baneling  
  36  5:39  Zergling x2  
  36  5:40  Zergling x4, Hatchery  
  35  6:06  Zergling x4  
  35  6:07  Zergling x8  
Tags
 
Matchup
ZvZ
Race
Zerg
Replay Pack
Myownreplay2
Spawn Locations
Cross Positions
Add a new tag
Caveats
  • Supply blocks, unpowered buildings, or Contaminate may cause inaccurate times.
  • Supply counts are checked every 10 seconds.